 Dungeon Crawl Stone Soup version 0.28.0-49-g6dfe1f597d (webtiles) character file.

Game seed: 9798779889145958662

329 ZappyNine the Sneak (level 6, 0/47 HPs)
             Began as a Vampire Brigand on May 18, 2022.
             Slain by a gnoll
             ... wielding a +2 flail of protection
              (8 damage)
             ... on level 4 of the Dungeon.
             The game lasted 00:03:03 (3257 turns).

ZappyNine the Sneak (Vampire Brigand)               Turns: 3257, Time: 00:03:03

Health: 0/47       AC:  4    Str: 10    XL:     6   Next: 25%
Magic:  8/8        EV: 12    Int: 13    God:
Gold:   123        SH:  0    Dex: 18    Spells: 5/8 levels left

rFire   . . .      SeeInvis +   j - +2 dagger (flame)
rCold   . . .      Faith    .   (no shield)
rNeg    . . .      Spirit   .   b - +0 robe
rPois   .          Reflect  .   k - +0 helmet
rElec   .          Harm     .   c - +0 cloak
rCorr   .          Rampage  .   (no gloves)
Will    .....                   (no boots)
Stlth   ++++......              (no amulet)
HPRegen 0.35/turn               (no ring)
MPRegen 0.11/turn               (no ring)

@: healing quickly
A: alive, fangs 3, see invisible, vampiric 2
a: Exsanguinate


You were on level 4 of the Dungeon.
You visited 1 branch of the dungeon, and saw 4 of its levels.

You collected 123 gold pieces.

Inventory:

Hand Weapons
 a - a +2 dagger
 j - a +2 dagger of flaming (weapon)
Missiles
 d - 8 poisoned darts
 e - 2 curare-tipped darts (quivered)
Armour
 b - a +0 robe (worn)
 c - a +0 cloak (worn)
 k - a +0 helmet (worn)
 o - a +0 buckler
Jewellery
 i - a +6 ring of intelligence
 l - an amulet of regeneration
Scrolls
 f - 2 scrolls of teleportation {unknown}
 g - a scroll of vulnerability {unknown}
 m - 4 scrolls of identify {unknown}
 n - a scroll of enchant armour {unknown}
Potions
 h - a potion of curing


   Skills:
 - Level 3.0 Fighting
 - Level 3.6 Short Blades
 - Level 1.5 Throwing
 - Level 1.1 Dodging
 - Level 7.3 Stealth
 + Level 1.5 Spellcasting
 + Level 1.2 Conjurations
 + Level 1.7 Air Magic
 + Level 1.5 Poison Magic


You had 5 spell levels left.
You knew the following spells:

 Your Spells              Type           Power      Damage    Failure   Level
a - Mephitic Cloud        Conj/Pois/Air  4%         N/A       41%         3

Your spell library contained the following spells:

 Spells                   Type           Power      Damage    Failure   Level
 Apportation              Tloc           2%         N/A       26%         1
 Ignite Poison            Fire/Tmut/Pois 2%         N/A       54%         3
 Frozen Ramparts          Ice            2%         1d2       63%         3
 Ice Form                 Ice/Tmut       1%         N/A       95%         4
 Summon Ice Beast         Ice/Summ       1%         N/A       95%         4
 Alistair's Intoxication  Tmut/Pois      2%         N/A       99%         5
 Freezing Cloud           Conj/Ice/Air   1%         6-21      99%         5


Dungeon Overview and Level Annotations

Branches:
Dungeon (4/15)             Temple (0/1) D:4

Altars:


Innate Abilities, Weirdness & Mutations

Your natural rate of healing is accelerated.
You have razor-sharp teeth.
You have supernaturally acute eyesight. (SInv)
You are afflicted with vampirism and can become a bat while bloodless.


Message History

The orc closely misses you.
The gnoll hits you with a +2 flail of protection!
You see here a +0 war axe.
There is an open door here.
You are too injured to fight recklessly!
You are too injured to fight recklessly!
You are too injured to fight recklessly!
You are too injured to fight recklessly!
You are too injured to fight recklessly!
You are too injured to fight recklessly!
You are too injured to fight recklessly!
You are too injured to fight recklessly!
You are too injured to fight recklessly!
You are too injured to fight recklessly!
You are too injured to fight recklessly!
You are too injured to fight recklessly!
You are too injured to fight recklessly!
You are too injured to fight recklessly!
You hit the orc. You burn the orc. You bite the orc, but do no damage.
The orc is severely wounded.
The orc barely misses you.
You hit the orc. You burn the orc.
The orc is almost dead.
You hit the orc. You burn the orc.
You kill the orc!
You hit the gnoll. You burn the gnoll.
The gnoll is heavily wounded.
You hit the orc. You burn the orc. You bite the orc.
You kill the orc!
The gnoll hits you with a +2 flail of protection.
The gnoll misses you. The orc hits you with a +0 short sword.
The gnoll hits you with a +2 flail of protection!
* * * LOW HITPOINT WARNING * * *
The gnoll hits you with a +0 spear.
* * * LOW HITPOINT WARNING * * *
There is an open door, spattered with blood here.
Items here: $ )) ††.
The gnoll hits you with a +2 flail of protection!
You die...

.....)............†.......
≈≈≈≈≈≈....≈≈≈≈≈≈≈≈≈≈≈≈≈≈≈≈≈
≈≈≈≈≈≈....≈≈≈≈≈≈≈≈≈≈≈≈≈≈≈≈≈≈
≈≈≈≈≈≈....≈≈≈≈≈≈≈≈≈≈≈≈###
......................#
######''''#############
#....#..)....#
#....#....)..#
+....'..)..@g#
############o# #.....)g#
≈.......og# ≈.........#
..#......... . ########...
./$ ....# ### #####


You could see 3 gnolls and an orc.

Vanquished Creatures
  An ogre (D:4)
  Jessica (D:3)
  Robin (D:3)
  6 gnolls (D:4)
  4 adders (D:4)
  5 worms
  A dart slug (D:3)
  5 orcs
  9 ball pythons
  4 bats
  4 endoplasms
  2 giant cockroaches
  16 goblins
  8 hobgoblins
  7 jackals (D:4)
  A quokka (D:1)
  6 frilled lizards
  4 kobolds
  7 rats
92 creatures vanquished.

Notes
Turn   | Place    | Note
-------+----------+-------------------------------------------
     0 | D:1      | ZappyNine the Vampire Brigand began the quest for the Orb.
     0 | D:1      | Reached XP level 1. HP: 16/16 MP: 1/1
    67 | D:1      | Reached skill level 6 in Stealth
   175 | D:1      | Reached XP level 2. HP: 22/22 MP: 2/2
   967 | D:2      | Gained mutation: You are afflicted with vampirism and can
                  | become a bat while bloodless. [Vampire growth]
   967 | D:2      | Reached XP level 3. HP: 27/27 MP: 3/3
  1203 | D:2      | Found a faded altar of an unknown god.
  1798 | D:3      | Noticed Jessica
  1811 | D:3      | Killed Jessica
  1812 | D:3      | Reached XP level 4. HP: 7/34 MP: 4/4
  1938 | D:3      | Noticed Robin
  1952 | D:3      | Reached skill level 7 in Stealth
  2032 | D:3      | Killed Robin
  2845 | D:4      | Found a staircase to the Ecumenical Temple.
  2883 | D:4      | Learned a level 3 spell: Mephitic Cloud
  2891 | D:4      | Noticed an ogre
  2904 | D:4      | Killed an ogre
  2905 | D:4      | Reached skill level 1 in Spellcasting
  2905 | D:4      | Reached skill level 1 in Air Magic
  2905 | D:4      | Reached skill level 1 in Poison Magic
  2905 | D:4      | Reached XP level 5. HP: 24/41 MP: 4/6
  3057 | D:4      | Reached skill level 1 in Conjurations
  3129 | D:4      | Reached XP level 6. HP: 41/47 MP: 7/7
  3257 | D:4      | Slain by a gnoll

Illustrated notes

Levels and vault maps discovered:
D:1:      mrwooster_arrival_statue_3, layout_loops_corners
D:2:      layout_basic, shapermc_ecumenical_altar_totnotflames
D:3:      layout_loops_ring, uniq_robin, uniq_jessica
D:4:      lemuel_castle_with_subvaults [lemuel_castle_interior_carwin_3],
          layout_layer_cave, minmay_temple_entry_stoned_glass,
          minmay_manual_mandibuliform

Skill      XL: |  1  2  3  4  5 |
---------------+----------------+-----
Stealth        | 6 7 |  7.3
Fighting       | 2 3 |  3.0
Short Blades   | 3 |  3.6
Spellcasting   | 1 |  1.5
Air Magic      | 1 |  1.7
Poison Magic   | 1 |  1.5
Conjurations   | 1 |  1.2
Throwing       | |  1.5
Dodging        | |  1.1

Action                   |  1- 3 |  4- 6 || total
-------------------------+-------+-------++-------
Melee: Dagger            |    74 |   142 ||   216
       Bite              |     5 |    23 ||    28
       Punch             |     2 |     1 ||     3
Throw: Dart              |       |     1 ||     1
  Use: Potion            |       |     1 ||     1
 Stab: Sleeping          |    21 |    11 ||    32
Armor: Robe              |    11 |    26 ||    37
Dodge: Dodged            |    19 |    82 ||   101
